 Dungeon Crawl Stone Soup version 0.17-a0-1651-gae1a69f (webtiles) character file.

541 Sachiko the Digger (level 7, 0/36 HPs)
             Began as a Gargoyle Earth Elementalist on Aug 15, 2015.
             Was an Initiate of Vehumet.
             Slain by a worker ant (3 damage)
             ... on level 4 of the Dungeon.
             The game lasted 00:29:39 (5081 turns).

Sachiko the Digger (Gargoyle Earth Elementalist)    Turns: 5081, Time: 00:29:39

Health: 0/36       AC:  6    Str: 12    XL:     7   Next: 26%
Magic:  3/14       EV: 12    Int: 17    God:    Vehumet [......]
Gold:   120        SH:  0    Dex: 10    Spells: 4 memorised, 5 levels left

rFire  . . .     SeeInvis .     l - +0 whip
rCold  . . .     Clarity  .     b - +0 robe
rNeg   + . .     SustAt   .     (no shield)
rPois  ∞         Gourm    .     (no helmet)
rElec  +         Spirit   .     (no cloak)
rCorr  .         Warding  .     (no gloves)
rMut   .         Stasis   +     (no boots)
MR     .....                    e - amulet of stasis
Stlth  ++........               (no ring)
                                (no ring)

@: very slightly contaminated, not resistant to hostile enchantments, unstealthy
A: negative energy resistance 1, electricity resistance, unbreathing,
petrification resistance, rot immunity, AC +4
a: Renounce Religion


You were on level 4 of the Dungeon.
You worshipped Vehumet.
Vehumet was noncommittal.
You were not hungry.

You visited 1 branch of the dungeon, and saw 6 of its levels.

You collected 120 gold pieces.

Inventory:

Hand weapons
 l - a +0 whip (weapon)
 n - a +4 dagger
Missiles
 a - 102 stones (quivered)
Armour
 b - a +0 robe (worn)
Jewellery
 e - an amulet of stasis (around neck)
Scrolls
 f - 4 scrolls of identify
 j - a scroll of magic mapping
 p - 3 scrolls of remove curse
Potions
 i - a potion of cancellation {unknown}
 k - 2 potions of cure mutation
 m - 4 potions of agility
 r - a potion of degeneration {unknown}
Books
 c - a book of Geomancy

   Spells                             Type                      Level
   a - Sandblast                      Earth                        1
   b - Stoneskin                      Transmutation/Earth          2
   c - Passwall                       Transmutation/Earth          3
   d - Stone Arrow                    Conjuration/Earth            3
   e - Petrify                        Transmutation/Earth          4
   f - Lee's Rapid Deconstruction     Earth                        5
Comestibles
 d - 7 bread rations
 g - 2 meat rations
 h - 2 slices of pizza
 o - a beef jerky


   Skills:
 + Level 0.0 Fighting
 + Level 0.0 Maces & Flails
 + Level 0.0 Armour
 + Level 1.5 Dodging
 - Level 2.1 Stealth
 * Level 5.2 Spellcasting
 + Level 3.1 Conjurations
 - Level 0.7 Transmutations
 + Level 6.1 Earth Magic


You had 5 spell levels left.
You knew the following spells:

 Your Spells              Type           Power        Failure   Level  Hunger
a - Sandblast             Erth           ####..       1%          1    None
b - Stoneskin             Trmt/Erth      ###.....     6%          2    #......
c - Stone Arrow           Conj/Erth      ###...       10%         3    ###....
d - Lee's Rapid Deconstr  Erth           ####......   38%         5    ######.


Dungeon Overview and Level Annotations

Branches:
Dungeon (6/15)
 Temple: D:4-7

Altars:
Cheibriados
Sif Muna
Trog
Vehumet


Innate Abilities, Weirdness & Mutations

You are resistant to torment.
Your stone body is resilient (AC +4).
You are immune to poison.
You resist negative energy.
You are resistant to electric shocks.
You can survive without breathing.
You are immune to petrification.
You are immune to rotting.


Message History

The hound barely misses you. The hound bites you but does no damage.
An orc comes into view. It is wielding a whip.
The worker ant bites you.
* * * LOW HITPOINT WARNING * * *
The hound bites you but does no damage.
The orc shouts!
The hound barely misses you. The hound bites you but does no damage.
The orc repeatedly shouts encouragement to no one in particular.
The hound barely misses you.
Things that are here:
a leather armour; a falchion The worker ant waves its antennae.
The hound barely misses you. The hound bites you but does no damage.
The hound bites you.
* * * LOW HITPOINT WARNING * * *
The worker ant bites you.
You die...

#....'..# #≈≈._.≈≈#
#...<##.# #≈≈...≈≈#
#######.#####≈≈≈≈≈≈≈#
#.#...##≈≈≈≈≈##
##.#.##.#################
####....................÷...
#..........############.####
#.....##.#<####.....# #.#
#.....#....@h.......# #.#
####'##.#...a.......# #.#
#....#...........# #†#
#######>...........o..)# #.#
#........##.....##.....###.#
#........##.....######[.##.#
#........##.....# ##.##.#
#.........+.....# #.##.####
#######'###.....# #.##....#


You could see a hound, a worker ant and an orc.

Vanquished Creatures
  An orc warrior (D:6)
  A giant frog (D:6)
  A water moccasin skeleton (D:4)
  An orc wizard (D:3)
  2 giant frog skeletons (D:4)
  A worker ant (D:4)
  5 gnolls
  9 adders
  4 giant geckos
  14 orcs
  6 giant cockroaches
  9 goblins
  7 hobgoblins
  14 jackals
  6 kobolds
  A ball python (D:1)
  11 bats
  3 giant newts
  A jackal skeleton (D:4)
  16 rats
113 creatures vanquished.

Notes
Turn   | Place    | Note
--------------------------------------------------------------
     0 | D:1      | Sachiko the Gargoyle Earth Elementalist began the quest for the Orb.
     0 | D:1      | Reached XP level 1. HP: 10/10 MP: 3/3
    46 | D:1      | Reached skill level 4 in Earth Magic
   249 | D:1      | Reached XP level 2. HP: 15/15 MP: 1/5
   306 | D:1      | Found a snail-covered altar of Cheibriados.
   861 | D:1      | Reached XP level 3. HP: 16/19 MP: 0/7
  1654 | D:1      | Learned a level 2 spell: Stoneskin
  1658 | D:1      | Learned a level 3 spell: Stone Arrow
  1722 | D:2      | Reached XP level 4. HP: 12/24 MP: 0/8
  2164 | D:2      | Found a bloodstained altar of Trog.
  2438 | D:2      | Reached skill level 1 in Conjurations
  2603 | D:3      | Reached skill level 5 in Earth Magic
  2603 | D:3      | Reached XP level 5. HP: 22/28 MP: 10/10
  2620 | D:3      | Learned a level 5 spell: Lee's Rapid Deconstruction
  3657 | D:3      | Reached XP level 6. HP: 27/32 MP: 12/12
  3669 | D:3      | You fall through a shaft for 3 floors!
  3737 | D:6      | Found a deep blue altar of Sif Muna.
  4144 | D:5      | Entered Level 5 of the Dungeon
  4212 | D:4      | Reached skill level 5 in Spellcasting
  4212 | D:4      | Reached XP level 7. HP: 11/36 MP: 4/14
  4456 | D:4      | Reached skill level 6 in Earth Magic
  4914 | D:4      | Found a deep blue altar of Sif Muna.
  4969 | D:4      | Found a radiant altar of Vehumet.
  4993 | D:4      | Became a worshipper of Vehumet
  5081 | D:4      | Slain by a worker ant

Vault maps used:
D:1:      dpeg_arrival_renting, cheibriados_altar_1
D:2:      overflow_temple_1_default, first_bread, hangedman_decor_growths
D:4:      fiery_altar_vehumet, nicolae_dithmenos_the_darkroom, serial_shops,
          shop, led_sif_pool
D:5:      lemuel_round_altar, serial_shops, nicolae_shop_window_shopping,
          serial_bayou, serial_bayou_pond_e, serial_bayou_pond_a,
          serial_bayou_pond_b, serial_bayou_lake_a, uniq_pikel
D:6:      wad_pebble_path, grunt_temple_overflow_forces_of_nature,
          lemuel_crystal_altar, makhleb_blood_cavern_becter, serial_shops,
          nicolae_shop_trees, kennysheep_cross_room, dk_noncrumbling_2,
          bh_walls_and_bars, uniq_menkaure

Action                   |  1- 3 |  4- 6 |  7- 9 || total
-------------------------+-------+-------+-------++-------
Melee: Unarmed           |    80 |       |       ||    80
       Whip              |    17 |     4 |     4 ||    25
       Dagger            |       |   157 |    35 ||   192
 Cast: Sandblast         |    77 |    26 |    17 ||   120
       Stone Arrow       |       |     7 |     5 ||    12
       Stoneskin         |       |       |     1 ||     1
  Use: Scroll            |     1 |     6 |       ||     7
 Stab: Sleeping          |     1 |     6 |       ||     7
  Eat: Chunk             |     3 |     9 |     3 ||    15
